 Dungeon Crawl Stone Soup version 0.29.0-4-gdea44cf6ec (webtiles) character file.

Game seed: 15363130274715905192

26 qw the Chopper (level 3, -5/21 HPs)
             Began as a Tengu Warper on Aug 28, 2022.
             Slain by a gnoll
             ... wielding a +0 spear
              (7 damage)
             ... on level 2 of the Dungeon.
             The game lasted 00:00:05 (1219 turns).

qw the Chopper (Tengu Warper)                       Turns: 1219, Time: 00:00:06

Health: -5/21      AC:  4    Str: 13    XL:     3   Next: 8%
Magic:  7/7        EV: 12    Int: 13    God:
Gold:   118        SH:  0    Dex: 13    Spells: 6/6 levels left

rFire   . . .      SeeInvis .   Y - +0 hand axe
rCold   . . .      Faith    .   (no shield)
rNeg    . . .      Spirit   .   b - +0 leather armour
rPois   .          Reflect  .   (helmet restricted)
rElec   .          Harm     .   g - +0 cloak
rCorr   .          Rampage  .   (no gloves)
Will    .....                   (boots unavailable)
Stlth   +.........              (no amulet)
HPRegen 0.07/turn               (no ring)
MPRegen 0.10/turn               (no ring)

@: no status effects
A: beak, talons 3
a: no special abilities


You were on level 2 of the Dungeon.
You visited 1 branch of the dungeon, and saw 2 of its levels.

You collected 118 gold pieces.


Innate Abilities, Weirdness & Mutations

You have a beak for a mouth.
You have claws for feet.


   Skills:
 - Level 2.0 Fighting
 + Level 3.8 Axes
 - Level 1.0 Throwing
 - Level 1.1 Armour
 - Level 2.1 Dodging
 - Level 2.0 Spellcasting
 - Level 2.4 Translocations


You had 6 spell levels left.
You didn't know any spells.
Your spell library contained the following spells:

 Spells                   Type           Power      Damage    Failure   Level
 Blink                    Tloc           14%        N/A       19%         2
 Gell's Gravitas          Tloc           7%         N/A       36%         3
 Lesser Beckoning         Tloc           7%         N/A       36%         3
 Teleport Other           Tloc           7%         N/A       36%         3
 Manifold Assault         Tloc           7%         N/A       98%         5

Inventory:

Hand Weapons
 d - a +0 whip
 Y - a +0 hand axe (weapon)
Armour
 b - a +0 leather armour (worn)
 c - a +0 ring mail
 g - a +0 cloak (worn)
Scrolls
 a - a scroll of identify {unknown}
Potions
 e - a potion of curing {unknown}

Dungeon Overview and Level Annotations

Branches:
Dungeon (2/15)

Altars:

Annotations:
D:2 Sigmund


Message History

You now have 118 gold pieces (gained 14).
Found a scroll of blinking.
Enter note: 2 gnolls come into view.
The gnoll shouts! x2
A bat comes into view.
Sigmund the Dreaded comes into view.
He is wielding a +0 vampiric scythe and carrying a wand of flame (23).
You see here a scroll of blinking.
1213 ||| Stepping ~*~*~tactically~*~*~ (hiding).
An endoplasm comes into view.
The gnoll misses you.
You see here a scroll of blinking.
Found 9 gold pieces.
A gnoll comes into view. It is wielding a +0 club.
The gnoll hits you but does no damage.
The gnoll shouts!
You hit the gnoll.
The gnoll is moderately wounded.
The bat closely misses you.
The gnoll hits you from afar with a +0 spear.
The gnoll hits you with a +0 spear.
You barely miss the gnoll. Your kick misses the gnoll.
You peck the gnoll, but do no damage.
The gnoll is moderately wounded.
You hit the bat. The bat hits you but does no damage.
The bat barely misses you. The gnoll barely misses you.
The gnoll hits you with a +0 spear! The bat closely misses you.
You hit the gnoll but do no damage.
The gnoll is moderately wounded.
You hit the endoplasm. You closely miss the bat. The bat misses you.
The bat barely misses you.
The endoplasm hits you but does no damage.
The gnoll barely misses you. The gnoll hits you with a +0 spear.
You hit the endoplasm.
You kill the endoplasm!
You closely miss the gnoll. You hit the bat.
You kill the bat!
The gnoll hits you from afar with a +0 spear!
You die...

. . .# #.# . #@g .
#g# .### #####.###
..# #..?@g..# #.#
#.###%.....$
######.###.#####.#.##
..............# #
###.....#.##.#
#......#.# #
#......#.. .
#......####
.#####.######


You could see Sigmund and 3 gnolls.

Vanquished Creatures
  A dart slug (D:1)
  3 endoplasms
  A giant cockroach (D:1)
  2 goblins (D:1)
  3 hobgoblins (D:1)
  5 ball pythons (D:1)
  6 bats
  A kobold (D:1)
  A rat (D:1)
23 creatures vanquished.

Vanquished Creatures (others)
  A plant (D:1)
1 creature vanquished.

Grand Total: 24 creatures vanquished

Notes
Turn   | Place    | Note
-------+----------+-------------------------------------------
     0 | D:1      | qw the Tengu Warper began the quest for the Orb.
     0 | D:1      | Reached XP level 1. HP: 12/12 MP: 4/4
     0 | D:1      | 0 ||| qw: Version: 0.1-a-89-g26bdef1
     0 | D:1      | 0 ||| qw: Game counter: 1073
     0 | D:1      | 0 ||| qw: Always use a shield: true
     0 | D:1      | 0 ||| qw: God list: Okawaru
     0 | D:1      | 0 ||| qw: Allow faded altars: false
     0 | D:1      | 0 ||| qw: Do Orc after D:15 true
     0 | D:1      | 0 ||| qw: Do second Lair branch before Depths: true
     0 | D:1      | 0 ||| qw: Lair rune preference: random
     0 | D:1      | 0 ||| qw: Plans: Normal
     0 | D:1      | 0 ||| PLANNING D:1-11
   298 | D:1      | 298 ||| Stepping ~*~*~tactically~*~*~ (water).
   300 | D:1      | Reached skill level 3 in Axes
   300 | D:1      | Reached XP level 2. HP: 16/17 MP: 6/6
   947 | D:1      | 947 ||| Stepping ~*~*~tactically~*~*~ (stealth).
   972 | D:1      | Reached XP level 3. HP: 21/21 MP: 7/7
  1106 | D:1      | 1106 ||| UPGRADING to +0 cloak.
  1111 | D:1      | 1111 ||| READING scroll labelled VUYNAUS VYSH.
  1112 | D:1      | 1112 ||| READING scroll labelled AGHEICRAXE.
  1113 | D:1      | 1113 ||| DROPPING scroll of blinking.
  1212 | D:2      | Noticed Sigmund
  1213 | D:2      | 1213 ||| Stepping ~*~*~tactically~*~*~ (hiding).
  1217 | D:2      | HP: 3/21 [gnoll/+0 spear (8)]
  1219 | D:2      | Slain by a gnoll

Levels and vault maps discovered:
D:1:      giann_bridges, layout_loops_ring, chequers_serial_rivers_micro_d
D:2:      layout_loops_cross, uniq_sigmund

Skill      XL: |  1 |
---------------+----+-----
Axes           | 3 |  3.8
Fighting       | |  2.0
Throwing       | |  1.0
Armour         | |  1.1
Dodging        | |  2.1
Spellcasting   | |  2.0
Translocations | |  2.4

Action                   || total
-------------------------++-------
Melee: Hand axe          ||    59
       Kick              ||    14
       Peck              ||     6
Throw: Boomerang         ||     7
  Use: Scroll            ||     2
Armor: Leather armour    ||    23
Dodge: Dodged            ||    40

Table legend:
 A = Non-vault XP
 B = Vault XP
 C = Vault XP percentage of total XP
 D = Non-vault monster count
 E = Vault monster count
 F = Vault count percentage of total count
                 A         B        C        D         E       F
            +---------+---------+-------+---------+---------+-------
      Total |      41 |       0 |   0.0 |      23 |       0 |   0.0
            +---------+---------+-------+---------+---------+-------
        D:1 |      36 |       0 |   0.0 |      20 |       0 |   0.0
        D:2 |       5 |       0 |   0.0 |       3 |       0 |   0.0
            +---------+---------+-------+---------+---------+-------
